 Dungeon Crawl Stone Soup version 0.31.0-12-g77e489cdc1 (webtiles) character file.

Game seed: 1512566373395565755

141 Descartes the Shield-Bearer (level 5, 0/41 HPs)
             Began as a Formicid Fighter on Feb 19, 2024.
             Slain by an orc
             ... wielding a +0 whip
              (3 damage)
             ... on level 3 of the Dungeon.
             The game lasted 00:01:57 (1154 turns).

Descartes the Shield-Bearer (Formicid Fighter)      Turns: 1154, Time: 00:01:58

Health: 0/41       AC:  6    Str: 23    XL:     5   Next: 48%
Magic:  5/5        EV:  9    Int:  7    God:
Gold:   55         SH:  6    Dex: 13    Spells: 4/4 levels left

rFire   . . .        a - +0 war axe
rCold   . . .        c - +0 buckler
rNeg    . . .        b - +0 scale mail
rPois   .            (helmet unavailable)
rElec   .            (no cloak)
rCorr   .            (no gloves)
SInv    +            (no boots)
Will    .....        (no amulet) Stlth
                     (no ring)
HPRegen 0.26/turn    (no ring)
MPRegen 0.09/turn

%: no passive effects
@: no status effects
A: permanent stasis, dig shafts and tunnels, antennae 3, four strong arms
a: Dig, Shaft Self


You were on level 3 of the Dungeon.
You visited 1 branch of the dungeon, and saw 3 of its levels.

You collected 55 gold pieces.

Inventory:

Hand Weapons
 a - a +0 war axe (weapon)
Missiles
 f - 4 atropa-tipped darts
 k - 3 poisoned darts
 m - 4 javelins
Armour
 b - a +0 scale mail (worn)
 c - a +0 buckler (worn)
Scrolls
 g - a scroll of immolation {unknown}
 h - 3 scrolls of identify {unknown}
 i - a scroll of teleportation {unknown}
 j - a scroll of enchant weapon {unknown}
 l - a scroll of fog {unknown}
Potions
 d - a potion of might
 e - a potion of curing {unknown}


   Skills:
 - Level 3.2 Fighting
 - Level 2.0 Axes
 - Level 3.2 Armour
 + Level 7.6 Shields


You had 4 spell levels left.
You didn't know any spells.
Your spell library contained the following spells:

 Spells                   Type           Power      Damage    Failure   Level
 Lesser Beckoning         Tloc           0%         N/A       90%         2
 Momentum Strike          Conj/Tloc      0%         3d8       90%         2
 Blink                    Tloc           Unusable   N/A       N/A         2

Dungeon Overview and Level Annotations

Branches:
Dungeon (3/15)

Altars:
Xom


Innate Abilities, Weirdness & Mutations

You cannot be hasted, slowed, berserked, paralysed or teleported.
You can dig through walls and to a lower floor.
You have a pair of large antennae on your head. (SInv)
Your four strong arms can wield two-handed weapons with a shield.


Message History

You slash Terence!
You kill Terence!
You hit the orc wizard.
The orc wizard hits you but does no damage.
Your Shields skill increases to level 7!
You have reached level 5!
You hit the orc wizard but do no damage.
The orc wizard is severely wounded.
You closely miss the orc. The orc hits you with a +0 whip.
The orc wizard hits you with a +0 dagger.
The orc priest hits you from afar with a +0 trident of protection.
* * * LOW HITPOINT WARNING * * *
The orc priest invokes the aid of Beogh against you.
The orc wizard struggles to resist.
You block the orc's attack.
The orc wizard hits you but does no damage.
You closely miss the orc wizard.
The orc wizard is severely wounded.
You barely miss the orc. You block the orc's attack.
The orc wizard hits you but does no damage.
The orc priest hits you from afar with a +0 trident of protection.
* * * LOW HITPOINT WARNING * * *
Unknown command.
Unknown command.
You slash the orc wizard!
You kill the orc wizard!
You hit the orc. The orc barely misses you. The orc priest barely misses you.
The orc hits you with a +0 whip.
* * * LOW HITPOINT WARNING * * *
The orc barely misses you.
The orc priest hits you from afar with a +0 trident of protection.
* * * LOW HITPOINT WARNING * * *
You slash the orc!
You kill the orc!
You hit the orc. The orc barely misses you.
The orc priest hits you but does no damage.
Unknown command.
You hit the orc but do no damage.
The orc is heavily wounded.
The orc hits you with a +0 whip.
You die...

#.#..........
#.......#####
#........#
#........#
#........#
###+#......#
#..........#
#..........#
#..@$....###
#.)o........
#o..........
#.............
...............
##.............
#......######
#.......


You could see an orc priest and an orc.

Vanquished Creatures
  Terence (D:3)
  An orc wizard (D:3)
  3 gnolls (D:2)
  An adder (D:2)
  A ribbon worm (D:2)
  5 orcs (D:3)
  A ball python (D:1)
  An endoplasm (D:2)
  A giant cockroach (D:2)
  5 goblins
  10 hobgoblins
  2 jackals (D:1)
  2 quokkas
  A bat (D:1)
  5 frilled lizards
  6 rats
46 creatures vanquished.

Notes
Turn   | Place    | Note
-------+----------+-------------------------------------------
     0 | D:1      | Descartes the Formicid Fighter began the quest for the Orb.
     0 | D:1      | Reached XP level 1. HP: 18/18 MP: 1/1
   160 | D:1      | Reached XP level 2. HP: 21/24 MP: 2/2
   176 | D:1      | Reached skill level 5 in Shields
   357 | D:1      | Reached XP level 3. HP: 27/29 MP: 3/3
   521 | D:2      | Reached skill level 6 in Shields
   524 | D:2      | Reached XP level 4. HP: 27/35 MP: 4/4
  1018 | D:3      | Found a shimmering altar of Xom.
  1138 | D:3      | Noticed Terence
  1149 | D:3      | Killed Terence
  1150 | D:3      | Reached skill level 7 in Shields
  1150 | D:3      | Reached XP level 5. HP: 22/41 MP: 5/5
  1152 | D:3      | HP: 2/41 [orc priest/+0 trident of protection (3)]
  1154 | D:3      | Slain by an orc

Illustrated notes

Levels and vault maps discovered:
D:1:      amcnicky_arrival_flooded_fountain, layout_basic,
          minmay_misc_feat_more_columns
D:2:      layout_rooms, minmay_fountain_box, minmay_3d_cube
D:3:      minmay_skewed_foursquare, layout_basic,
          mainiacjoe_overflow_small_starburst,
          nicolae_overflow_ecumenical_swirl, uniq_terence

Skill      XL: |  1  2  3  4 |
---------------+-------------+-----
Shields        | 5 6 7 |  7.6
Fighting       | |  3.2
Axes           | |  2.0
Armour         | |  3.2

Action                     |  1- 3 |  4- 6 || total
---------------------------+-------+-------++-------
  Melee: War axe           |    56 |    63 ||   119
 Armour: Scale mail        |    44 |    52 ||    96
  Dodge: Dodged            |    30 |    21 ||    51
  Block: Buckler           |    21 |    17 ||    38
